 Dungeon Crawl Stone Soup version 0.27-a0-421-g7ddf969dea (webtiles) character file.

Game seed: 14506990609849339989

26 kae the Insei (level 2, 0/24 HPs)
             Began as a Demonspawn Monk on Feb 26, 2021.
             Slain by a gnoll (5 damage)
             ... on level 1 of the Dungeon.
             The game lasted 00:00:35 (1278 turns).

kae the Insei (Demonspawn Monk)                     Turns: 1278, Time: 00:00:36

Health: 0/24       AC:  2    Str: 11    XL:     2   Next: 89%
Magic:  2/2        EV: 13    Int: 11    God:
Gold:   34         SH:  0    Dex: 15    Spells: 1/1 levels left

rFire    . . .     SeeInvis .     - Unarmed
rCold    . . .     Faith    .   (no shield)
rNeg     . . .     Spirit   .   a - +0 robe
rPois    .         Reflect  .   (no helmet)
rElec    .         Harm     .   (no cloak)
rCorr    .         Rampage  .   (no gloves)
Will     .....                  (no boots)
Stlth    ++........             (no amulet)
HPRegen  0.08/turn              (no ring)
MPRegen  0.08/turn              (no ring)

@: no status effects
A: sturdy frame 1
a: no special abilities


You were on level 1 of the Dungeon.
You visited 1 branch of the dungeon, and saw 2 of its levels.

You collected 34 gold pieces.

Inventory:

Armour
 a - a +0 robe (worn)
Potions
 b - a potion of degeneration
 e - 2 potions of berserk rage
 f - a potion of heal wounds {unknown}


   Skills:
 + Level 3.3 Fighting
 - Level 2.6 Dodging
 - Level 1.7 Stealth
 * Level 3.4 Unarmed Combat


You had one spell level left.
You didn't know any spells.
Your spell library was empty.

Dungeon Overview and Level Annotations

Branches:
Dungeon (2/15)

Altars:


Innate Abilities, Weirdness & Mutations

Your movements are slightly less encumbered by armour. (ER -2)


Message History

The jackal closely misses you. The hobgoblin barely misses you.
The gnoll closely misses you.
You closely miss the hobgoblin. The jackal closely misses you.
The jackal misses you. The hobgoblin hits you.
The gnoll hits you but does no damage. The jackal closely misses you.
You hit the hobgoblin but do no damage. The jackal barely misses you.
The jackal bites you. The hobgoblin barely misses you.
The gnoll closely misses you.
The jackal bites you but does no damage.
You hit the hobgoblin but do no damage. The jackal completely misses you.
The jackal barely misses you. The hobgoblin barely misses you.
The gnoll misses you.
You hit the hobgoblin.
The hobgoblin is severely wounded.
The jackal bites you but does no damage.
The jackal misses you. The hobgoblin barely misses you.
The gnoll closely misses you. The jackal closely misses you.
You hit the hobgoblin.
You kill the hobgoblin!
The jackal closely misses you. The jackal bites you. The gnoll misses you.
The jackal bites you but does no damage.
You hit the gnoll.
The gnoll is heavily wounded.
You hit the gnoll.
The gnoll is heavily wounded.
The gnoll closely misses you.
You closely miss the gnoll.
The gnoll is heavily wounded.
The gnoll hits you.
You hit the gnoll.
The gnoll is almost dead.
The gnoll hits you.
* * * LOW HITPOINT WARNING * * *
You barely miss the gnoll.
The gnoll is almost dead.
The gnoll hits you but does no damage.
You hit the gnoll but do no damage.
The gnoll is almost dead.
The gnoll hits you.
You die...

##...................########.###
####.......######...............
#.###...# #............### #.#
#.### ##..#........... #.# #)###
#..#.##..#...#. #.###...##
#..#.#.#....... #.##..⌠..#
#....##..#...#.
##.##.#.#.######..#.##..##.##.
#.........hhg@..........##.##.
##..#######>#####.....##.##.##.
#...# #.# #........##.##. #..##
#.# #.....#####.##. #..########.#
#.[.........##.
#........##.#####.##.#########.
#.######.##..........# ##
#........########.##.#
#######..########.##.#


You could see a gnoll and 2 jackals.

Vanquished Creatures
  A gnoll (D:1)
  A giant cockroach (D:1)
  A goblin (D:1)
  5 hobgoblins (D:1)
  3 bats (D:1)
  A frilled lizard (D:1)
  A kobold (D:1)
  4 rats (D:1)
17 creatures vanquished.

Notes
Turn   | Place    | Note
-------+----------+-------------------------------------------
     0 | D:1      | kae the Demonspawn Monk began the quest for the Orb.
     0 | D:1      | Reached XP level 1. HP: 18/18 MP: 1/1
   350 | D:1      | Gained mutation: Your movements are slightly less
                  | encumbered by armour. (ER -2) [demonic ancestry]
   350 | D:1      | Reached XP level 2. HP: 22/24 MP: 2/2
  1278 | D:1      | Slain by a gnoll

Illustrated notes

Levels and vault maps discovered:
D:1:      lightli_arrival_statue_moat, layout_loops_ring,
          hangedman_feature_mirror
D:2:      layout_rooms, serial_undead, serial_undead_d, serial_undead_e,
          serial_undead_a, serial_undead_e, uniq_sigmund,
          uniq_crazy_yiuf_cottage, uniq_natasha

Skill      XL: |  1 |
---------------+----+-----
Unarmed Combat | 3 |  3.4
Fighting       | |  3.3
Dodging        | |  2.6
Stealth        | |  1.7

Action                   || total
-------------------------++-------
Melee: Unarmed           ||    82
       Punch             ||     1
  Use: Scroll            ||     4
 Stab: Sleeping          ||     5
Armor: Robe              ||    21
Dodge: Dodged            ||    66

Table legend: (Time is in decaauts)
 A = Elapsed time spent in this place.
 B = Non-inter-level travel time spent in this place.
 C = Inter-level travel time spent in this place.
 D = Time resting spent in this place.
 E = Time spent auto-exploring this place.
 F = Levels seen in this place.
 G = Mean time per level.
                   A        B        C        D        E       F      G
               +--------+--------+--------+--------+--------+-----+--------+
         Total |   1274 |   1248 |     26 |    476 |    622 |   2 |  637.0 |
       Dungeon |   1274 |   1248 |     26 |    476 |    622 |   2 |  637.0 |
               +--------+--------+--------+--------+--------+-----+--------+

Top non-repeatable levels by time:
     D:1: 1267 daAuts
     D:2: 7 daAuts
